AoeStats
← AiM | Facu1414

African Clearing

506041240Analyzed
4v4 RM · 19d ago on Sep 12, 2026· 46m 51s· 8 players
Game mode
Random Map
Map size
Large (8 player)
Population
200
Speed
Normal
Resources
Standard
Victory
Conquest
Starting age
Dark Age
Ending age
Imperial Age
RankedLock teamsTeams togetherTeam positionsShared explorationLock speedFull tech treeHidden civsTurbo modeCheats
Victory
Defeat
🇦🇺 Hindustanis · Australia
1601
+16
🇦🇷 Spanish · Argentina
1539
+18
🇺🇸 Huns · United States
1532
+18
🇲🇽 Mongols · Mexico
1506
+19
🇲🇽 Vietnamese · Mexico
1602
-19
🇦🇷 Khitans · Argentina
1599
-18
🇨🇱 Magyars · Chile
1572
-17
🇦🇷 Lithuanians · Argentina
1567
-17
Eat_Rice
9:42 Loom
12:27 Feudal Age
13:29 Double-Bit Axe
15:59 Bloodlines
19:02 Scale Barding Armor
30:09 Wheelbarrow
30:09 Gold Mining
34:22 Castle Age
34:46 Town Watch
35:17 Fletching
35:58 Bow Saw
37:02 Horse Collar
37:32 Bodkin Arrow
38:23 Stone Mining
41:18 Gold Shaft Mining
42:34 Elite Skirmisher
49:00 Imperial Age
47:17 Hand Cart
Vmmp11
11:54 Loom
13:40 Feudal Age
16:25 Wheelbarrow
15:37 Town Watch
15:40 Double-Bit Axe
18:24 Castle Age
16:06 Horse Collar
18:24 Gold Mining
18:25 Stone Mining
18:31 Fletching
19:20 Bow Saw
21:04 Horse Collar
27:13 Ballistics
28:38 Wheelbarrow
27:49 Town Watch
33:40 Imperial Age
32:22 Bodkin Arrow
35:16 Bracer
36:24 Chemistry
36:15 Conscription
36:31 Thumb Ring
36:44 Bloodlines
36:46 Padded Archer Armor
36:48 Husbandry
38:21 Leather Archer Armor
39:15 Parthian Tactics
41:28 Drill
42:14 Nomads
42:45 Elite Mangudai
45:05 Capped Ram
46:07 Drill
Mau5
10:36 Loom
13:11 Feudal Age
17:51 Castle Age
16:11 Double-Bit Axe
18:49 Bow Saw
20:51 Horse Collar
21:34 Town Watch
24:29 Scale Mail Armor
25:30 Squires
27:11 Wheelbarrow
29:53 Chain Mail Armor
29:49 Forging
30:49 Padded Archer Armor
30:40 Fletching
34:24 Imperial Age
32:17 Husbandry
32:27 Bloodlines
32:24 Scale Barding Armor
35:31 Chain Barding Armor
35:14 Heavy Camel Rider
36:49 Plate Barding Armor
36:25 Forging
37:13 Heavy Plow
37:37 Imperial Camel Rider
39:37 Conscription
40:19 Iron Casting
42:01 Blast Furnace
43:13 Elite Ghulam
BĂNG GIÁ PRO
12:15 Feudal Age
16:04 Castle Age
16:32 Loom
30:08 Town Watch
32:07 Wheelbarrow
34:20 Horse Collar
35:00 Double-Bit Axe
35:40 Padded Archer Armor
36:36 Bow Saw
38:00 Heavy Plow
38:09 Husbandry
38:27 Gold Mining
39:40 Bloodlines
40:40 Hand Cart
41:17 Leather Archer Armor
41:57 Stone Mining
46:30 Imperial Age
44:39 Scale Barding Armor
45:01 Forging
46:46 Chain Barding Armor
47:26 Iron Casting
47:27 Stone Shaft Mining
46:44 Cavalier
47:49 Conscription
AiM | PoRRo
10:09 Loom
12:45 Feudal Age
13:33 Double-Bit Axe
15:41 Fletching
17:36 Padded Archer Armor
22:14 Scale Mail Armor
23:29 Wheelbarrow
27:34 Castle Age
28:18 Bodkin Arrow
28:37 Horse Collar
29:07 Husbandry
29:29 Bloodlines
32:00 Ballistics
34:51 Thumb Ring
37:21 Hand Cart
38:13 Heavy Plow
42:27 Leather Archer Armor
48:40 Imperial Age
46:15 Gold Mining
AIM | Agua cate 98
5:15 Loom
12:33 Feudal Age
14:06 Double-Bit Axe
16:49 Forging
18:43 Scale Barding Armor
18:38 Town Watch
21:29 Wheelbarrow
23:23 Domestication
28:01 Castle Age
29:37 Coinage
29:46 Iron Casting
29:32 Chain Barding Armor
31:56 Husbandry
42:57 Imperial Age
39:50 Light Cavalry
41:17 Gold Mining
41:17 Stone Mining
44:48 Chain Barding Armor
44:48 Bow Saw
45:26 Hussar
AiM | Facu1414
10:48 Loom
12:33 Feudal Age
17:49 Castle Age
19:12 Scale Barding Armor
20:34 Double-Bit Axe
25:50 Sanctity
26:04 Town Watch
30:43 Forging
32:20 Chain Barding Armor
32:18 Fletching
33:41 Ballistics
34:23 Wheelbarrow
34:58 Iron Casting
35:00 Padded Archer Armor
35:40 Bodkin Arrow
36:30 Elite Skirmisher
38:21 Hill Forts
39:18 Leather Archer Armor
46:16 Imperial Age
44:21 Thumb Ring
49:21 Imperial Age
AiM | Fubuki Sinri
11:32 Loom
13:35 Feudal Age
17:54 Castle Age
16:46 Fletching
17:16 Double-Bit Axe
19:15 Bodkin Arrow
27:04 Ballistics
26:27 Horse Collar
26:59 Bow Saw
27:38 Town Watch
28:33 Wheelbarrow
28:49 Padded Archer Armor
30:57 Thumb Ring
31:23 Town Watch
33:52 Hand Cart
40:48 Imperial Age
41:14 Imperial Age
39:21 Leather Archer Armor
39:34 Heavy Plow
39:28 Gold Mining
39:28 Stone Mining
41:23 Elite Rattan Archer
42:08 Bracer
43:51 Town Patrol
45:19 Elite Fire Lancer
46:00 Scale Mail Armor
46:11 Forging
46:58 Chain Mail Armor
Connection lost

Rejoining the realm…

Still unreachable

The connection could not be restored.

Session expired

The server has moved on; the page needs a fresh start.